 Dungeon Crawl Stone Soup version 0.21.1-1-g345015f (webtiles) character file.

166 JeffiDaFish the Digger (level 5, -2/28 HPs)
             Began as a Gargoyle Earth Elementalist on Feb 9, 2018.
             Slain by Umoon's ghost (3 damage)
             ... on level 3 of the Dungeon.
             The game lasted 00:14:24 (3047 turns).

JeffiDaFish the Digger (GrEE)                       Turns: 3047, Time: 00:14:25

Health: -2/28      AC:  9    Str:  9    XL:     5   Next: 47%
Magic:  1/10       EV: 12    Int: 15    God:
Gold:   73         SH:  0    Dex: 10    Spells: 2/11 levels left

rFire    . . .     SeeInvis .   f - +2 whip (venom)
rCold    . . .     Gourm    .   (no shield)
rNeg     + . .     Faith    .   c - +0 robe
rPois    ∞         Spirit   .   (no helmet)
rElec    +         Reflect  .   (no cloak)
rCorr    .         Harm     .   (no gloves)
MR       .....                  m - +0 pair of boots
Stlth    ++........             (no amulet)
HPRegen  0.09/turn              (no ring)
MPRegen  0.12/turn              (no ring)

@: no status effects
A: talons 1, yellow scales 1, dopey 1, negative energy resistance 1, electricity
resistance, weak 1, unbreathing, petrification resistance, rot immunity, AC +4
a: no special abilities


You were on level 3 of the Dungeon.
You were not hungry.

You visited 1 branch of the dungeon, and saw 3 of its levels.

You collected 73 gold pieces.

Inventory:

Hand Weapons
 f - a +2 whip of venom (weapon)
 g - a +1 mace
Missiles
 b - 57 stones (quivered)
Armour
 c - a +0 robe (worn)
 m - a +0 pair of boots (worn)
 o - a +0 buckler
Scrolls
 a - 4 scrolls of remove curse
 h - 3 scrolls of teleportation
 i - 2 scrolls of identify
 j - a scroll of fog
 n - a scroll of magic mapping
Potions
 l - a potion of brilliance
Books
 e - a book of Geomancy

   Spells                             Type                      Level
   a - Sandblast                      Earth                        1
   b - Passwall                       Transmutation/Earth          2
   c - Stone Arrow                    Conjuration/Earth            3
   d - Petrify                        Transmutation/Earth          4
   e - Lee's Rapid Deconstruction     Earth                        5
Comestibles
 d - 2 rations
 k - 3 chunks of flesh


   Skills:
 - Level 0.2 Maces & Flails
 - Level 1.7 Dodging
 - Level 2.2 Stealth
 + Level 3.6 Spellcasting
   Level 0.7 Transmutations
 + Level 5.7 Earth Magic


You had 2 spell levels left.
You knew the following spells:

 Your Spells              Type           Power        Failure   Level  Hunger
a - Sandblast             Erth           ###...       1%          1    None
b - Stone Arrow           Conj/Erth      ##....       17%         3    ###....
c - Lee's Rapid Deconstr  Erth           ###.......   43%         5    ######.


Dungeon Overview and Level Annotations

Branches:
Dungeon (3/15)

Altars:
Okawaru

Annotations:
D:3 Umoon's ghost, amateur CeMo


Innate Abilities, Weirdness & Mutations

You are resistant to torment.
Your stone body is resilient. (AC +4)
You are immune to poison.
You resist negative energy. (rN+)
You are resistant to electric shocks. (rElec)
You can survive without breathing.
You are immune to petrification.
You are immune to rotting.
You have sharp toenails.
You are partially covered in yellow scales. (AC +2)
You are dopey. (Int -2)
You are weak. (Str -2)


Message History

The blast of sand hits Umoon's ghost.
Umoon's ghost is severely damaged.
b - 58 stones Umoon's ghost hits you but does no damage.
Your magical contamination has completely faded away.
Umoon's ghost closely misses you.
Casting: Sandblast
Confirm with . or Enter, or press ? or * to list all spells.
Aiming: Sandblast
Press: ? - help, Shift-Dir - straight line, f/p - Umoon's ghost
Aim: Umoon's ghost (severely damaged)
The blast of sand hits Umoon's ghost.
Umoon's ghost is almost destroyed.
b - 57 stones The kobold hits you but does no damage.
Umoon's ghost hits you!
* * * LOW HITPOINT WARNING * * *
You hit the kobold.
You kill the kobold!
Umoon's ghost hits you.
You die...

..............###.....#.[.#
...........................
.#.............#######.#....
##>..............................
.......#....................#....
.#.....#........######...####....
.......#........###.# ...# ##....
#...................##...# #.....
#...............@........# #.....
#....(......##..†W.......###.....
#....<(.[....#...................
#....#.......#.####.#...........#
.....#..............#...........#
.....###.....#......# ..........#
....................###..........
.................................
...............###...............


You could see Umoon's ghost.

Vanquished Creatures
  An orc priest (D:3)
  A gnoll (D:2)
  3 adders
  An ooze (D:3)
  3 dart slugs
  2 leopard geckos
  4 orcs (D:3)
  A ball python (D:2)
  11 bats
  A giant cockroach (D:1)
  13 goblins
  11 hobgoblins
  5 jackals
  13 kobolds
  A quokka (D:3)
  3 frilled lizards
  4 rats
78 creatures vanquished.

Notes
Turn   | Place    | Note
-------+----------+-------------------------------------------
     0 | D:1      | JeffiDaFish the Gargoyle Earth Elementalist began the quest for the Orb.
     0 | D:1      | Reached XP level 1. HP: 10/10 MP: 3/3
   207 | D:1      | Reached skill level 4 in Earth Magic
   211 | D:1      | Reached XP level 2. HP: 11/15 MP: 0/5
   899 | D:1      | Reached XP level 3. HP: 19/19 MP: 3/6
  1555 | D:2      | Learned a level 3 spell: Stone Arrow
  1968 | D:2      | Gained mutation: You are partially covered in yellow scales. (AC +2) [potion of mutation]
  1968 | D:2      | Gained mutation: You are weak. (Str -2) [potion of mutation]
  1968 | D:2      | Gained mutation: You are dopey. (Int -2) [potion of mutation]
  1968 | D:2      | Gained mutation: You have sharp toenails. [potion of mutation]
  2067 | D:2      | Reached XP level 4. HP: 24/24 MP: 8/8
  2127 | D:2      | Reached skill level 5 in Earth Magic
  2360 | D:2      | Found an iron altar of Okawaru.
  2790 | D:3      | Reached XP level 5. HP: 26/28 MP: 8/10
  2918 | D:3      | Learned a level 5 spell: Lee's Rapid Deconstruction
  3012 | D:3      | Noticed Umoon's ghost (amateur CeMo)
  3046 | D:3      | HP: 1/28 [Umoon's ghost (7)]
  3047 | D:3      | Slain by Umoon's ghost

Skill      XL: |  1  2  3  4 |
---------------+-------------+-----
Earth Magic    | 4 5 |  5.7
Spellcasting   | 3 |  3.6
Maces & Flails | |  0.2
Dodging        | |  1.7
Stealth        | |  2.2
Transmutations | |  0.7

Action                   |  1- 3 |  4- 6 || total
-------------------------+-------+-------++-------
Melee: Mace              |    93 |       ||    93
       Whip              |    43 |    90 ||   133
 Cast: Sandblast         |    26 |    21 ||    47
       Stone Arrow       |     1 |     5 ||     6
  Use: Scroll            |     5 |     3 ||     8
       Potion            |     5 |     2 ||     7
 Stab: Sleeping          |     3 |     2 ||     5
  Eat: Chunk             |     4 |     4 ||     8
Armor: Robe              |    77 |    48 ||   125
Dodge: Dodged            |   169 |    77 ||   246
